Map: Proxima Station LE

Players

SpeCIaL

  • Race: Terran Terran
  • Spawn Location: 7:00

Bly - Winner!

  • Race: Zerg Zerg
  • Spawn Location: 1:00

Event: WCS Jonkoping 2017

VOD

Have the link to the VOD?

Description

Time

  • Played on: June 18, 2017, 2:22 p.m.
  • Length: 5:43

All games in this series

Show
View Real Time Build Order
Export as new Build Order

SpeCIaL Terran 

Build Orders: Cyclone Opening, Reaper Expand 

Get SALT Encoding   

  12  0:00  SCV  
  13  0:13  SCV  
  14  0:18  Supply Depot  
  14  0:25  SCV  
  15  0:29  Refinery  
  15  0:39  SCV  
  16  0:46  Barracks  
  16  0:51  SCV  
  17  1:03  SCV  
  18  1:15  SCV  
  19  1:32  Orbital Command  
  19  1:33  Reaper  
  20  1:45  Command Center  
  20  1:55  Factory  
  20  1:59  SCV  
  21  2:05  Refinery  
  21  2:08  Barracks Reactor  
  21  2:11  SCV  
  22  2:20  Bunker  
  22  2:23  SCV  
  22  2:30  Marine  
  23  2:39  Supply Depot  
  23  2:54  Starport  
  23  2:55  Marine  
  23  2:56  Cyclone  
  26  3:00  SCV  
  23  3:12  Marine  
  23  3:13  SCV  
  20  3:25  SCV  
  18  3:28  Cyclone  
  20  3:47  Marine  
  21  3:53  SCV  
  21  4:09  Cyclone  
  20  4:15  Marine  
  21  4:22  SCV  
  22  4:34  SCV  
  22  4:45  Orbital Command  
  22  4:46  SCV  
  20  5:00  SCV  
  17  5:12  SCV x2  
Show
View Real Time Build Order
Export as new Build Order

Bly Zerg - Winner!

Build Orders: Pool Only, Ravager All-In 

Get SALT Encoding   

  12  0:17  Spawning Pool  
  11  0:22  Drone  
  11  0:27  Drone  
  13  0:32  Drone  
  14  0:37  Extractor  
  14  0:38  Drone  
  14  0:43  Extractor  
  14  0:46  Drone  
  14  1:06  Roach Warren  
  14  1:09  Zergling x2  
  14  1:17  Overlord  
  14  1:24  Overlord  
  16  1:47  Roach x2  
  16  1:50  Roach  
  20  2:01  Roach  
  22  2:07  Ravager x2  
  24  2:19  Roach  
  26  2:29  Roach  
  27  2:33  Ravager  
  28  2:46  Ravager  
  29  3:10  Overlord  
  23  3:37  Roach x3  
  23  3:38  Ravager  
  23  3:39  Ravager  
  31  3:52  Roach  
  30  4:15  Roach x2  
  31  4:24  Ravager  
  31  4:25  Ravager x2  
  34  4:33  Overlord  
  34  4:42  Overlord  
  25  5:07  Roach x2  
  29  5:22  Ravager x3  
Tags
 
Add a new tag
Caveats
  • Supply blocks, unpowered buildings, or Contaminate may cause inaccurate times.
  • Supply counts are checked every 10 seconds.